cohdb
Replays
Latest Replays
All Replays
Popular Replays
Top Player Replays
Match Explorer
How It Works
Community
CoH3 Stats
Reddit
Sign in to upload your games and track your stats! →
Sign in with Steam
Match 44825744
Unlisted
Match 44825744
Overview
Messages
Build Orders
End
Panzergrenadier Squad
250 Light Carrier
Panzergrenadier Squad
Construct Light Support Kompanie
Combat Half-tracks
Panzergrenadier Squad
Fire Support Elements
Veteran Squad Leaders
Assault Mechanized Group
Selects Italian Infantry
Selects Guastatori Squad
Selects L6/40 Light Tank Combat Group
L6/40 Light Tank Combat Group
Pak 38 Anti-tank Gun Team
Construct Panzerarmee Kommand
Chikage
An.Ritter
Jeremy
JT
Jm200092
Horeneks
Alpha_Roger
Guardian
0
0
Comments
sign in to comment!
No comments posted yet!